 Dungeon Crawl Stone Soup version 0.27-a0-262-gc50aac273e (webtiles) character file.

Game seed: 6383274945445076977

445 Borgoz the Skirmisher (level 7, -7/59 HPs)
             Began as a Ghoul Gladiator on Feb 5, 2021.
             Was an Initiate of Okawaru.
             Mangled by an ogre
             ... wielding a +0 giant spiked club
              (18 damage)
             ... on level 4 of the Dungeon.
             The game lasted 00:03:40 (4035 turns).

Borgoz the Skirmisher (Ghoul Gladiator)             Turns: 4035, Time: 00:03:41

Health: -7/59      AC:  5    Str: 18    XL:     7   Next: 3%
Magic:  6/6        EV: 13    Int:  3    God:    Okawaru [......]
Gold:   243        SH:  0    Dex: 12    Spells: 6/6 levels left

rFire    . . .     SeeInvis +   a - +0 long sword
rCold    + . .     Faith    .   (no shield)
rNeg     + + +     Spirit   .   b - +0 leather armour
rPois    ∞         Reflect  .   c - +0 helmet
rElec    .         Harm     .   m - +0 cloak
rCorr    .         Rampage  .   (no gloves)
Will     +....                  (no boots)
Stlth    +.........             (no amulet)
HPRegen  0.00/turn              r - ring of willpower
MPRegen  0.10/turn              t - ring of see invisible

@: no status effects
A: claws 1, cold resistance 1, negative energy resistance 3, inhibited
regeneration, torment resistance, unbreathing
a: Renounce Religion


You were on level 4 of the Dungeon.
You worshipped Okawaru.
Okawaru was noncommittal.
You visited 2 branches of the dungeon, and saw 5 of its levels.

You collected 243 gold pieces.

Inventory:

Hand Weapons
 a - a +0 long sword (weapon)
Armour
 b - a +0 leather armour (worn)
 c - a +0 helmet (worn)
 m - a +0 cloak (worn)
Jewellery
 k - an uncursed ring of resist corrosion
 r - a ring of willpower (left claw)
 t - a ring of see invisible (right claw)
Scrolls
 f - 3 scrolls of remove curse {unknown}
 g - 2 scrolls of teleportation {unknown}
 h - a scroll of enchant weapon {unknown}
 i - 2 scrolls of random uselessness {unknown}
 j - 3 scrolls of identify {unknown}
 l - 3 scrolls of amnesia {unknown}
 p - a scroll of fog {unknown}
Potions
 d - a potion of degeneration {unknown}
 n - a potion of heal wounds {unknown}
 o - a potion of brilliance
 q - a potion of mutation {unknown}
 s - 2 potions of lignification {unknown}


   Skills:
 + Level 4.3 Fighting
 + Level 4.1 Long Blades
 - Level 1.7 Throwing
 + Level 3.0 Armour
 + Level 4.1 Dodging


You had 6 spell levels left.
You didn't know any spells.
Your spell library was empty.

Dungeon Overview and Level Annotations

Branches:
Dungeon (4/15)             Temple (1/1) D:4

Altars:
Ashenzari
Elyvilon
Fedhas
Hepliaklqana
Okawaru
Ru
Sif Muna
Trog
Uskayaw
Xom
Yredelemnul
Zin
The Shining One


Innate Abilities, Weirdness & Mutations

You thrive by killing the living.
You are immune to poison.
You have sharp fingernails.
Your flesh is cold resistant. (rC+)
You are immune to negative energy. (rN+++)
You do not regenerate when monsters are visible.
You are immune to unholy pain and torment.
You can survive without breathing.


Message History

The ogre is moderately wounded.
The ogre struggles against the net.
You slash the ogre!
The ogre is heavily wounded.
The ogre struggles against the net.
You slash the ogre!
The ogre is almost dead.
The ogre struggles against the net.
You completely miss the ogre.
The ogre is almost dead.
The ogre struggles against the net.
You hit the ogre.
The ogre is almost dead.
The ogre struggles against the net.
You hit the ogre.
The ogre is almost dead.
The ogre struggles against the net.
The net rips apart, and the ogre comes free!
The ogre hits you with a +0 giant spiked club!!
You die...

..........†....#........#
...............#........#
.###....###+#############
###....##..#####
#........>......
#....#..........
#...###...###### #..#
##.########. #...
#...@....... ..#
##.#.O..[... .#
#+##....... #......
..###. .## . .


You could see an ogre.

Vanquished Creatures
  A bullfrog (D:3)
  A howler monkey (D:4)
  2 jellies (D:4)
  A bullfrog zombie (D:4)
  An iguana (D:4)
  Terence (D:2)
  2 orc wizards (D:3)
  A worker ant (D:4)
  A gnoll (D:1)
  4 adders
  2 dart slugs
  3 leopard geckos (D:3)
  5 orcs (D:3)
  7 bats
  5 giant cockroaches
  5 goblins
  9 hobgoblins
  6 jackals
  2 quokkas (D:2)
  5 frilled lizards
  11 kobolds
  10 rats
85 creatures vanquished.

Vanquished Creatures (others)
  5 plants (D:2)
5 creatures vanquished.

Grand Total: 90 creatures vanquished

Notes
Turn   | Place    | Note
-------+----------+-------------------------------------------
     0 | D:1      | Borgoz the Ghoul Gladiator began the quest for the Orb.
     0 | D:1      | Reached XP level 1. HP: 17/17 MP: 0/0
     0 | D:1      | Noticed a tentacled monstrosity
     1 | D:1      | Noticed a shadow dragon
     4 | D:1      | Noticed a large abomination
     4 | D:1      | Noticed an ice dragon
     8 | D:1      | Noticed an ice dragon
    12 | D:1      | Noticed a shadow dragon
    14 | D:1      | Noticed an orb of fire
    16 | D:1      | Noticed a large abomination
    16 | D:1      | Noticed an ice dragon
    18 | D:1      | Noticed a tentacled monstrosity
    20 | D:1      | Noticed an iron dragon
    20 | D:1      | Noticed an orb of fire
    55 | D:1      | Reached XP level 2. HP: 18/25 MP: 1/1
   737 | D:2      | Reached XP level 3. HP: 30/30 MP: 2/2
   760 | D:2      | Reached skill level 1 in Armour
  1187 | D:2      | Found a faded altar of an unknown god.
  1537 | D:2      | Noticed Terence
  1557 | D:2      | Killed Terence
  1558 | D:2      | Reached XP level 4. HP: 4/38 MP: 3/3
  2372 | D:3      | Reached XP level 5. HP: 38/45 MP: 4/4
  2935 | D:3      | Reached XP level 6. HP: 33/52 MP: 5/5
  3564 | D:4      | Found a staircase to the Ecumenical Temple.
  3616 | Temple   | Entered the Ecumenical Temple
  3681 | Temple   | Became a worshipper of Warmaster Okawaru
  3952 | D:4      | Reached XP level 7. HP: 48/59 MP: 6/6
  4035 | D:4      | Mangled by an ogre

Illustrated notes

Levels and vault maps discovered:
D:1:      shiori_arrival_whats_in_store_for_you, layout_loops_ring,
          serial_aquarium, aquarium_bridge_square [aquarium_subvault_window,
          aquarium_subvault_bridge, aquarium_subvault_bridge,
          aquarium_subvault_wall], aquarium_window_1, aquarium_window_corner,
          aquarium_window_2, aquarium_view_2e, aquarium_view_2c
D:2:      layout_basic, chequers_ecumenical_altar_grove,
          lexackson_kobold_supper, uniq_terence
D:3:      wad_river_or_something, layout_basic
D:4:      layout_gridville, minmay_temple_entry_ruins, kennysheep_diamond,
          minmay_fractal_squares_gapless_5
Temple:   dshaligram_water_room_temple

Skill      XL: |  1  2  3  4  5  6 |
---------------+-------------------+-----
Dodging        | 3 4 |  4.1
Long Blades    | 3 4 |  4.1
Armour         | 1 2 3 |  3.0
Fighting       | 3 4 |  4.3
Throwing       | |  1.7

Action                   |  1- 3 |  4- 6 |  7- 9 || total
-------------------------+-------+-------+-------++-------
Melee: Long sword        |   119 |   168 |     9 ||   296
Throw: Throwing net      |     5 |       |     1 ||     6
  Use: Potion            |     2 |       |       ||     2
Armor: Leather armour    |    36 |    60 |       ||    96
Dodge: Dodged            |    89 |   144 |     3 ||   236
       Rpst.: Long sword |    28 |    51 |     2 ||    81

Table legend: (Time is in decaauts)
 A = Elapsed time spent in this place.
 B = Non-inter-level travel time spent in this place.
 C = Inter-level travel time spent in this place.
 D = Time resting spent in this place.
 E = Time spent auto-exploring this place.
 F = Levels seen in this place.
 G = Mean time per level.
                   A        B        C        D        E       F      G
               +--------+--------+--------+--------+--------+-----+--------+
         Total |   4104 |   3902 |    202 |    630 |   2589 |   5 |  820.8 |
       Dungeon |   3965 |   3782 |    183 |    630 |   2483 |   4 |  991.2 |
        Temple |    139 |    120 |     19 |      0 |    106 |   1 |  139.0 |
               +--------+--------+--------+--------+--------+-----+--------+

Top non-repeatable levels by time:
     D:3: 1430 daAuts
     D:2: 1430 daAuts
     D:1: 692 daAuts
     D:4: 412 daAuts
  Temple: 139 daAuts
